Sharks vs Predators

Created - November 6, 2019 at 18:59

Goals
1 2 3 T
Sharks 0 2 0 2
Predators 2 3 3 8
Shots
1 2 3 T
Sharks 11 13 14 38
Predators 15 7 12 34

1st period

1. Predators , Alexander Ovechkin 2 (Justin Abdelkader 1, Ryan Mcdonagh 3) at 11:13 (SH)
2. Predators , Ryan Kesler 3 (Alexander Ovechkin 9, Brendan Gallagher 3) at 19:42 (PP)

Penalties :
Alexander Steen (Nas) for Roughing (Minor) at 10:36, Brandon Dubinsky (SJS) for Tripping (Minor) at 19:30

2nd period

3. Sharks , Brandon Dubinsky 2 (Adam Larsson 3) at 2:20 (PP)
4. Predators , Brendan Gallagher 3 (Alexander Ovechkin 10) at 9:01 (PP)
5. Sharks , Stefan Ruzicka 4 (Milan Michalek 5, Andrej Sekera 3) at 11:24
6. Predators , Niclas Bergfors 6 (Mikael Granlund 4, Alexander Edler 4) at 16:48
7. Predators , Andy Miele 1 (Alexander Steen 4, John Moore 4) at 18:24

Penalties :
Alexander Ovechkin (Nas) for Holding (Minor) at 1:30, Adam Larsson (SJS) for Tripping (Minor) at 8:25, Mikael Granlund (Nas) for Interference (Minor) at 13:44

3rd period

8. Predators , Brendan Gallagher 4 (Alexander Ovechkin 11, Ryan Kesler 4) at 2:11 (PP)
9. Predators , Alexander Edler 2 (Alexander Ovechkin 12, Ryan Kesler 5) at 7:20 (PP)
10. Predators , Ryan Kesler 4 (Alexander Ovechkin 13) at 8:34 (PP)

Penalties :
Stefan Ruzicka (SJS) for Goalie Interference (Minor) at 2:10, Niclas Bergfors (Nas) for Unsportsmanlike conduct (Minor) at 4:06, Milan Michalek (SJS) for Roughing (Minor) at 7:14, Milan Michalek (SJS) for Hooking (Minor) at 8:30, Matt Carle (SJS) for Hooking (Minor) at 18:02

Goalie Stats

Anders Nilsson (SJS), 9 saves from 12 shots - (0.750), 21:36 minutes
Ryan Miller (SJS), 17 saves from 22 shots - (0.773), L, 2-4-0, 38:24 minutes
Viktor Fasth (Nas), 36 saves from 38 shots - (0.947), W, 5-1-1, 60:00 minutes

Players Stats for Sharks

Player Name              G  A  P  +/- PIM S  H  SB GA TA FO     MP     PP MP  PK MP  
------------------------------------------------------------------------------------
Adam Larsson             0  1  1  -2  2   1  3  1  0  0  0/0    19:26   2:29   1:09 
Andrej Sekera            0  1  1  -2  0   1  0  0  0  0  0/0    20:59   2:29   1:01 
Ben Lovejoy              0  0  0  -1  0   2  3  2  1  1  0/0    29:55   4:18   1:23 
Bobby Butler             0  0  0  -1  0   1  2  0  0  0  0/0    17:45   3:26   0:00 
Brandon Dubinsky         1  0  1  -1  2   7  3  0  0  0  10/15  18:54   3:26   0:58 
David Rundblad           0  0  0   1  0   0  1  2  0  0  0/0     8:18   0:00   0:00 
Drew Doughty             0  0  0  -1  0   8  0  2  1  1  0/0    29:03   4:18   1:52 
Jason Spezza             0  0  0   1  0   2  1  1  0  0  24/45  23:42   3:17   1:57 
Jiri Tlusty              0  0  0  -2  0   1  0  0  0  1  0/0     7:24   0:00   0:00 
Luke Adam                0  0  0  -2  0   0  0  0  1  0  1/4     7:24   0:00   0:00 
Martins Karsums          0  0  0   0  0   0  1  0  1  0  0/0    10:35   0:04   0:25 
Matt Carle               0  0  0   1  2   0  1  2  1  0  0/0    11:40   0:00   0:02 
Mike Cammalleri          0  0  0  -1  0   1  1  1  0  0  0/1    17:57   3:20   0:23 
Milan Michalek           0  1  1   1  4   3  1  1  0  0  0/1    23:29   3:17   1:46 
Oskar Osala              0  0  0   0  0   2  1  0  1  0  2/2    10:34   0:04   0:24 
Stefan Ruzicka           1  0  1   1  2   6  3  0  1  0  0/1    21:44   3:17   0:00 
T.J. Hensick             0  0  0   0  0   2  0  0  0  0  3/3    10:45   0:10   0:24 
Zach Boychuk             0  0  0  -2  0   1  0  0  1  0  0/1     7:24   0:00   0:00 

Players Stats for Predators

Player Name              G  A  P  +/- PIM S  H  SB GA TA FO     MP     PP MP  PK MP  
------------------------------------------------------------------------------------
Adam Burish              0  0  0   0  0   0  2  0  0  0  0/0     9:34   0:11   1:57 
Alexander Edler          1  1  2   0  0   3  1  0  0  0  0/0    29:33   1:46   3:58 
Alexander Ovechkin       1  5  6   0  2   3  3  0  1  0  1/4    20:56   1:39   1:05 
Alexander Steen          0  1  1   1  2   3  0  0  0  1  0/0     9:47   0:00   0:00 
Andy Miele               1  0  1   1  0   3  0  0  0  0  5/10   13:11   0:00   3:29 
Brendan Gallagher        2  1  3  -1  0   5  3  0  0  2  1/4    19:43   1:36   0:00 
Byron Bitz               0  0  0   1  0   0  1  1  0  1  0/1    13:49   0:00   3:39 
Denis Grebeshkov         0  0  0   1  0   1  0  0  0  0  0/0    12:09   1:10   0:00 
James Van Riemsdyk       0  0  0   1  0   1  0  0  0  1  1/1    15:45   1:17   0:00 
John Moore               0  1  1   1  0   0  1  2  0  1  0/0    19:28   1:10   2:49 
Justin Abdelkader        0  1  1   1  0   3  0  0  0  0  0/0     9:10   0:00   1:22 
Mikael Granlund          0  1  1   1  2   2  1  0  0  0  5/10   15:50   1:17   0:00 
Nate Schmidt             0  0  0   1  0   0  1  2  0  0  0/0    13:54   0:00   2:49 
Niclas Bergfors          1  0  1   1  2   3  2  0  2  0  1/4    16:12   1:17   0:00 
Nik Antropov             0  0  0   0  0   0  0  0  0  1  0/0     7:31   0:00   0:05 
Ryan Kesler              2  2  4  -1  0   4  1  0  0  1  19/39  21:41   1:31   1:57 
Ryan Mcdonagh            0  1  1   0  0   3  2  0  0  0  0/0    29:33   1:46   3:58 
Ryan Murray              0  0  0   1  0   0  0  1  0  0  0/0    15:23   0:00   0:00 

3 Stars

1 - Alexander Ovechkin (Nas)
2 - Ryan Kesler (Nas)
3 - Brendan Gallagher (Nas)

Power Play

Sharks - 1 on 4 Attempt(s) - 25.00%
Predators - 5 on 6 Attempt(s) - 83.33%

Penalty Kill

Sharks - 1 on 6 Attempt(s) - 16.67% - Score 0 goal in Penalty Kill
Predators - 3 on 4 Attempt(s) - 75.00% - Score 1 goal in Penalty Kill

Team Stat

Sharks - Hits : 21 - Faceoff Wins : 40 - Blocked Shots : 12 - Penalty Minutes : 12
Predators - Hits : 18 - Faceoff Wins : 33 - Blocked Shots : 6 - Penalty Minutes : 8

Official

Referees : Unknown
Linesman : Unknown

Game Notes

Anders Nilsson enters game at 18:24 of 2nd period
David Rundblad is injured at 6:33 of 3rd period (Sprained Left Knee)

Finance

Level 1 -- Attendance: 4907 (81.78%) -- Ticket Income $564,305
Level 2 -- Attendance: 3979 (79.58%) -- Ticket Income $298,425
Level 3 -- Attendance: 1379 (68.95%) -- Ticket Income $68,950
Level 4 -- Attendance: 2582 (64.55%) -- Ticket Income $95,534
Luxury Box -- Attendance: 697 (69.70%) -- Ticket Income $149,855
Game was played at the Wildcat center.
Total Attendance: 13544 (75.24%)
Total Ticket Income: $1,177,069
Other Income: $176,560
Total Income: $1,353,629

Sharks

5 vs 5 Forward 
   Center                   Left Wing                Right Wing               Time % Phy DF OF 
 1 Jason Spezza             Milan Michalek           Stefan Ruzicka           40     1   2  2  
 2 Brandon Dubinsky         Mike Cammalleri          Bobby Butler             30     1   2  2  
 3 T.J. Hensick             Oskar Osala              Martins Karsums          20     1   2  2  
 4 Luke Adam                Zach Boychuk             Jiri Tlusty              10     1   2  2  

5 vs 5 Defense 
   Defense                  Defense                                           Time % Phy DF OF 
 1 Drew Doughty             Ben Lovejoy                                       40     1   2  2  
 2 Andrej Sekera            Adam Larsson                                      30     1   2  2  
 3 David Rundblad           Matt Carle                                        20     1   2  2  
 4 Drew Doughty             Ben Lovejoy                                       10     1   2  2  

PowerPlay Forward 
   Center                   Left Wing                Right Wing               Time % Phy DF OF 
 1 Jason Spezza             Milan Michalek           Stefan Ruzicka           60     1   2  2  
 2 Brandon Dubinsky         Mike Cammalleri          Bobby Butler             40     1   2  2  

PowerPlay Defense
   Defense                  Defense                                           Time % Phy DF OF 
 1 Drew Doughty             Ben Lovejoy                                       60     1   2  2  
 2 Andrej Sekera            Adam Larsson                                      40     1   2  2  

Penalty Kill 4 Players Forward 
   Center                   Wing                     Time % Phy DF OF 
 1 Jason Spezza             Milan Michalek           60     1   2  2  
 2 T.J. Hensick             Oskar Osala              40     1   2  2  

Penalty Kill 4 Players Defense
   Defense                  Defense                  Time % Phy DF OF 
 1 Drew Doughty             Ben Lovejoy              60     1   2  2  
 2 Andrej Sekera            Adam Larsson             40     1   2  2  

Penalty Kill - 3 Players Forward 
   Forward                                           Time % Phy DF OF 
 1 Jason Spezza                                      60     1   2  2  
 2 Milan Michalek                                    40     1   2  2  

Penalty Kill - 3 Players Defense
   Defense                  Defense                  Time % Phy DF OF 
 1 Drew Doughty             Ben Lovejoy              60     1   2  2  
 2 Andrej Sekera            Adam Larsson             40     1   2  2  

4 vs 4 Forward 
   Center                   Wing                     Time % Phy DF OF 
 1 Jason Spezza             Milan Michalek           60     1   2  2  
 2 Mike Cammalleri          Brandon Dubinsky         40     1   2  2  

4 vs 4 Defense
   Defense                  Defense                  Time % Phy DF OF 
 1 Drew Doughty             Ben Lovejoy              60     1   2  2  
 2 Andrej Sekera            Adam Larsson             40     1   2  2  

Last Minutes Offensive
   Center                   Left Wing                Right Wing               Defense                  Defense                  
   Jason Spezza             Milan Michalek           Stefan Ruzicka           Drew Doughty             Ben Lovejoy              

Last Minutes Defensive
   Center                   Left Wing                Right Wing               Defense                  Defense                  
   Jason Spezza             Milan Michalek           Stefan Ruzicka           Drew Doughty             Ben Lovejoy              

Goaltenders
Starting : Ryan Miller              
Backup : Anders Nilsson           

Extra Forwards
Normal : T.J. Hensick, Oskar Osala, Zach Boychuk - PP : T.J. Hensick, Oskar Osala - PK : Brandon Dubinsky
Extra Defensemen
Normal : David Rundblad, Matt Carle, Andrej Sekera - PP : David Rundblad - PK : Matt Carle, Andrej Sekera
Penalty Shots
Jason Spezza, Milan Michalek, Mike Cammalleri, Brandon Dubinsky, T.J. Hensick

Scratches
Nikolai Kulemin (Healthy), Matt Corrente (Healthy), Alec Martinez (Healthy)

Predators

5 vs 5 Forward 
   Center                   Left Wing                Right Wing               Time % Phy DF OF 
 1 Ryan Kesler              Alexander Ovechkin       Brendan Gallagher        40     1   2  2  
 2 Mikael Granlund          James Van Riemsdyk       Niclas Bergfors          30     1   2  2  
 3 Andy Miele               Alexander Steen          Byron Bitz               17     1   2  2  
 4 Nik Antropov             Justin Abdelkader        Adam Burish              13     1   2  2  

5 vs 5 Defense 
   Defense                  Defense                                           Time % Phy DF OF 
 1 Ryan Mcdonagh            Alexander Edler                                   40     1   2  2  
 2 John Moore               Ryan Murray                                       30     1   2  2  
 3 Nate Schmidt             Denis Grebeshkov                                  20     1   2  2  
 4 Ryan Mcdonagh            Alexander Edler                                   10     1   2  2  

PowerPlay Forward 
   Center                   Left Wing                Right Wing               Time % Phy DF OF 
 1 Ryan Kesler              Alexander Ovechkin       Brendan Gallagher        60     1   2  2  
 2 Mikael Granlund          James Van Riemsdyk       Niclas Bergfors          40     1   2  2  

PowerPlay Defense
   Defense                  Defense                                           Time % Phy DF OF 
 1 Ryan Mcdonagh            Alexander Edler                                   60     1   2  2  
 2 John Moore               Denis Grebeshkov                                  40     1   2  2  

Penalty Kill 4 Players Forward 
   Center                   Wing                     Time % Phy DF OF 
 1 Andy Miele               Byron Bitz               60     1   2  2  
 2 Ryan Kesler              Adam Burish              40     1   2  2  

Penalty Kill 4 Players Defense
   Defense                  Defense                  Time % Phy DF OF 
 1 Ryan Mcdonagh            Alexander Edler          60     1   2  2  
 2 John Moore               Nate Schmidt             40     1   2  2  

Penalty Kill - 3 Players Forward 
   Forward                                           Time % Phy DF OF 
 1 Andy Miele                                        60     1   2  2  
 2 Adam Burish                                       40     1   2  2  

Penalty Kill - 3 Players Defense
   Defense                  Defense                  Time % Phy DF OF 
 1 Ryan Mcdonagh            Alexander Edler          60     1   2  2  
 2 John Moore               Nate Schmidt             40     1   2  2  

4 vs 4 Forward 
   Center                   Wing                     Time % Phy DF OF 
 1 Alexander Ovechkin       Niclas Bergfors          60     1   2  2  
 2 Ryan Kesler              Brendan Gallagher        40     1   2  2  

4 vs 4 Defense
   Defense                  Defense                  Time % Phy DF OF 
 1 Ryan Mcdonagh            Alexander Edler          60     1   2  2  
 2 John Moore               Denis Grebeshkov         40     1   2  2  

Last Minutes Offensive
   Center                   Left Wing                Right Wing               Defense                  Defense                  
   Ryan Kesler              Alexander Ovechkin       Niclas Bergfors          Ryan Mcdonagh            Alexander Edler          

Last Minutes Defensive
   Center                   Left Wing                Right Wing               Defense                  Defense                  
   Ryan Kesler              Alexander Ovechkin       Niclas Bergfors          Ryan Mcdonagh            Alexander Edler          

Goaltenders
Starting : Viktor Fasth             
Backup : Anders Lindback          

Extra Forwards
Normal : Adam Burish, James Van Riemsdyk, Justin Abdelkader - PP : Adam Burish, James Van Riemsdyk - PK : Justin Abdelkader
Extra Defensemen
Normal : Ryan Murray, Nate Schmidt, John Moore - PP : Denis Grebeshkov - PK : Ryan Murray, Denis Grebeshkov
Penalty Shots
Alexander Ovechkin, Niclas Bergfors, Ryan Kesler, Mikael Granlund, Alexander Steen

Scratches
Dmitri Kalinin (Healthy)

% Time on Ice - Sharks

Lines # - Real PCT - Wanted PCT - Time Play
Normal Forward
1 - 37% - 40% - 18:43
2 - 28% - 30% - 14:19
3 - 20% - 20% - 9:51
4 - 15% - 10% - 7:24
Normal Defense
1 - 40% - 40% - 19:53
2 - 31% - 30% - 15:49
3 - 24% - 20% - 11:51
4 - 5% - 10% - 2:44
PP Forward
1 - 49% - 60% - 3:21
2 - 51% - 40% - 3:26
PP Defense
1 - 63% - 60% - 4:18
2 - 37% - 40% - 2:29
PK Forward
1 - 86% - 60% - 2:32
2 - 14% - 40% - 0:24
PK Defense
1 - 66% - 60% - 1:57
2 - 34% - 40% - 0:59
PK3 Forward
1 - 0% - 60%
2 - 0% - 40%
PK3 Defense
1 - 0% - 60%
2 - 0% - 40%
44 Forward
1 - 0% - 60%
2 - 0% - 40%
44 Defense
1 - 0% - 60%
2 - 0% - 40%
Last Minute Offensive  - 0:00
Last Minute Defensive  - 0:00
Total
Forward - 60:00
Defense - 60:00

% Time on Ice - Predators

Lines # - Real PCT - Wanted PCT - Time Play
Normal Forward
1 - 37% - 40% - 18:41
2 - 29% - 30% - 14:34
3 - 19% - 17% - 9:42
4 - 15% - 13% - 7:20
Normal Defense
1 - 41% - 40% - 20:42
2 - 31% - 30% - 15:29
3 - 22% - 20% - 10:59
4 - 6% - 10% - 3:07
PP Forward
1 - 56% - 60% - 1:39
2 - 44% - 40% - 1:17
PP Defense
1 - 60% - 60% - 1:46
2 - 40% - 40% - 1:10
PK Forward
1 - 71% - 60% - 4:50
2 - 29% - 40% - 1:57
PK Defense
1 - 58% - 60% - 3:58
2 - 42% - 40% - 2:49
PK3 Forward
1 - 0% - 60%
2 - 0% - 40%
PK3 Defense
1 - 0% - 60%
2 - 0% - 40%
44 Forward
1 - 0% - 60%
2 - 0% - 40%
44 Defense
1 - 0% - 60%
2 - 0% - 40%
Last Minute Offensive  - 0:00
Last Minute Defensive  - 0:00
Total
Forward - 60:00
Defense - 60:00

Play-by-Play

1st period


0:01 of 1st period - Jason Spezza wins face-off versus Brendan Gallagher in neutral zone.
0:23 of 1st period - Icing by Jason Spezza.
0:24 of 1st period - Brandon Dubinsky wins face-off versus Mikael Granlund in Sharks zone.
0:29 of 1st period - Niclas Bergfors is hit by Brandon Dubinsky and loses puck.
1:21 of 1st period - Snap shot by Luke Adam.
1:21 of 1st period - Shot Blocked by John Moore.
2:19 of 1st period - Slapshot by Drew Doughty.
2:19 of 1st period - Stopped by Viktor Fasth with a rebound.
2:43 of 1st period - Slapshot by Alexander Edler.
2:43 of 1st period - Deflect By Luke Adam.
2:43 of 1st period - Stopped by Ryan Miller without a rebound.
2:44 of 1st period - Ryan Kesler wins face-off versus Luke Adam in Sharks zone.
3:32 of 1st period - David Rundblad is hit by Adam Burish and loses puck.
3:51 of 1st period - T.J. Hensick is hit by Ryan Kesler and loses puck.
4:19 of 1st period - Milan Michalek is hit by Byron Bitz and loses puck.
4:36 of 1st period - Snap shot by Nik Antropov.
4:36 of 1st period - Shot Blocked by Matt Carle.
4:44 of 1st period - Snap shot by Jason Spezza.
4:44 of 1st period - Shot Misses the Net.
4:58 of 1st period - Snap shot by Milan Michalek.
4:58 of 1st period - Stopped by Viktor Fasth without a rebound.
4:59 of 1st period - Brandon Dubinsky wins face-off versus Brendan Gallagher in Predators zone.
5:02 of 1st period - Wrist shot by Brandon Dubinsky.
5:02 of 1st period - Shot Misses the Net.
5:31 of 1st period - Niclas Bergfors is hit by Adam Larsson and loses puck.
5:44 of 1st period - Slapshot by Alexander Edler.
5:44 of 1st period - Stopped by Ryan Miller without a rebound.
5:45 of 1st period - Andy Miele wins face-off versus Luke Adam in Sharks zone.
5:54 of 1st period - Slapshot by Drew Doughty.
5:54 of 1st period - Shot Blocked by John Moore.
5:56 of 1st period - Slapshot by Jiri Tlusty.
5:56 of 1st period - Stopped by Viktor Fasth without a rebound.
5:57 of 1st period - Ryan Kesler wins face-off versus Jason Spezza in Predators zone.
6:06 of 1st period - Wrist shot by Ryan Kesler.
6:06 of 1st period - Deflect By Alexander Ovechkin.
6:06 of 1st period - Stopped by Ryan Miller with a rebound.
6:29 of 1st period - Slapshot by Alexander Edler.
6:29 of 1st period - Shot Blocked by Drew Doughty.
7:02 of 1st period - Snap shot by Justin Abdelkader.
7:02 of 1st period - Stopped by Ryan Miller without a rebound.
7:03 of 1st period - Brendan Gallagher wins face-off versus Jason Spezza in Sharks zone.
7:48 of 1st period - Off-side.
7:49 of 1st period - T.J. Hensick wins face-off versus Andy Miele in neutral zone.
7:54 of 1st period - Wrist shot by Oskar Osala.
7:54 of 1st period - Stopped by Viktor Fasth without a rebound.
7:55 of 1st period - T.J. Hensick wins face-off versus Alexander Ovechkin in Predators zone.
7:56 of 1st period - Snap shot by Drew Doughty.
7:56 of 1st period - Stopped by Viktor Fasth with a rebound.
8:06 of 1st period - Snap shot by Ryan Kesler.
8:06 of 1st period - Shot Misses the Net.
8:08 of 1st period - Slapshot by Ryan Mcdonagh.
8:08 of 1st period - Stopped by Ryan Miller with a rebound.
8:10 of 1st period - Slapshot by Ryan Kesler.
8:10 of 1st period - Deflect By Brendan Gallagher.
8:10 of 1st period - Stopped by Ryan Miller without a rebound.
8:11 of 1st period - Jason Spezza wins face-off versus Mikael Granlund in Sharks zone.
8:16 of 1st period - Slapshot by Drew Doughty.
8:16 of 1st period - Deflect By Milan Michalek.
8:16 of 1st period - Stopped by Viktor Fasth without a rebound.
8:17 of 1st period - Jason Spezza wins face-off versus Mikael Granlund in Predators zone.
8:22 of 1st period - Snap shot by Jason Spezza.
8:22 of 1st period - Deflect By Stefan Ruzicka.
8:22 of 1st period - Shot Misses the Net.
8:22 of 1st period - Puck is out of play.
8:23 of 1st period - Jason Spezza wins face-off versus Alexander Ovechkin in Predators zone.
9:18 of 1st period - Icing by Alexander Steen.
9:19 of 1st period - Andy Miele wins face-off versus Jason Spezza in Predators zone.
10:34 of 1st period - Snap shot by Stefan Ruzicka.
10:34 of 1st period - Stopped by Viktor Fasth with a rebound.
10:36 of 1st period - Minor Penalty to Alexander Steen for Roughing.
10:37 of 1st period - Brandon Dubinsky wins face-off versus Ryan Kesler in Predators zone.
11:02 of 1st period - Drew Doughty is hit by Alexander Ovechkin and loses puck.
11:13 of 1st period - Snap shot by Alexander Ovechkin.
11:13 of 1st period - Goal by Alexander Ovechkin - Sharks : 0 - Predators : 1.
11:14 of 1st period - Andy Miele wins face-off versus Milan Michalek in neutral zone.
11:25 of 1st period - Slapshot by Ryan Mcdonagh.
11:25 of 1st period - Stopped by Ryan Miller with a rebound.
11:37 of 1st period - Slapshot by Drew Doughty.
11:37 of 1st period - Deflect By Bobby Butler.
11:37 of 1st period - Stopped by Viktor Fasth without a rebound.
11:38 of 1st period - Brandon Dubinsky wins face-off versus Andy Miele in Predators zone.
11:51 of 1st period - Wrist shot by Brandon Dubinsky.
11:51 of 1st period - Stopped by Viktor Fasth without a rebound.
11:52 of 1st period - Jason Spezza wins face-off versus Andy Miele in Predators zone.
12:36 of 1st period - Penalty to Alexander Steen is over, Alexander Steen is back on ice.
12:39 of 1st period - Slapshot by Oskar Osala.
12:39 of 1st period - Stopped by Viktor Fasth with a rebound.
12:41 of 1st period - Slapshot by Andrej Sekera.
12:41 of 1st period - Deflect By T.J. Hensick.
12:41 of 1st period - Shot Misses the Net.
12:41 of 1st period - Puck is out of play.
12:42 of 1st period - Oskar Osala wins face-off versus Niclas Bergfors in Predators zone.
13:09 of 1st period - Mike Cammalleri is hit by Alexander Ovechkin and loses puck.
13:16 of 1st period - Wrist shot by Brendan Gallagher.
13:16 of 1st period - Shot Misses the Net.
13:34 of 1st period - Snap shot by Andy Miele.
13:34 of 1st period - Stopped by Ryan Miller with a rebound.
13:59 of 1st period - Snap shot by Justin Abdelkader.
13:59 of 1st period - Stopped by Ryan Miller with a rebound.
14:22 of 1st period - Wrist shot by T.J. Hensick.
14:22 of 1st period - Shot Blocked by Nate Schmidt.
15:00 of 1st period - Snap shot by Andy Miele.
15:00 of 1st period - Stopped by Ryan Miller without a rebound.
15:01 of 1st period - Jason Spezza wins face-off versus Ryan Kesler in Sharks zone.
16:34 of 1st period - Icing by Brendan Gallagher.
16:35 of 1st period - Mikael Granlund wins face-off versus Jason Spezza in Predators zone.
16:52 of 1st period - Wrist shot by Niclas Bergfors.
16:52 of 1st period - Stopped by Ryan Miller with a rebound.
17:02 of 1st period - Snap shot by Brandon Dubinsky.
17:02 of 1st period - Stopped by Viktor Fasth with a rebound.
17:44 of 1st period - Slapshot by Zach Boychuk.
17:44 of 1st period - Deflect By Luke Adam.
17:44 of 1st period - Shot Misses the Net.
17:44 of 1st period - Puck is out of play.
17:45 of 1st period - Luke Adam wins face-off versus Byron Bitz in Predators zone.
18:10 of 1st period - Alexander Ovechkin is hit by Bobby Butler and loses puck.
19:02 of 1st period - Snap shot by Justin Abdelkader.
19:02 of 1st period - Stopped by Ryan Miller without a rebound.
19:03 of 1st period - Ryan Kesler wins face-off versus Brandon Dubinsky in Sharks zone.
19:06 of 1st period - Slapshot by Alexander Ovechkin.
19:06 of 1st period - Deflect By Ryan Kesler.
19:06 of 1st period - Stopped by Ryan Miller with a rebound.
19:08 of 1st period - Slapshot by Ryan Murray.
19:08 of 1st period - Deflect By Ryan Kesler.
19:08 of 1st period - Shot Blocked by Drew Doughty.
19:08 of 1st period - Puck is out of play.
19:09 of 1st period - Brandon Dubinsky wins face-off versus Ryan Kesler in Sharks zone.
19:30 of 1st period - Minor Penalty to Brandon Dubinsky for Tripping.
19:31 of 1st period - Jason Spezza wins face-off versus Ryan Kesler in Sharks zone.
19:42 of 1st period - Wrist shot by Ryan Kesler.
19:42 of 1st period - Goal by Ryan Kesler - Sharks : 0 - Predators : 2.
19:43 of 1st period - Ryan Kesler wins face-off versus Jason Spezza in neutral zone.
19:46 of 1st period - Milan Michalek is hit by Ryan Mcdonagh and loses puck.
Goals for this period are 0 for Sharks vs 2 for Predators.
Shots for this period are 11 for Sharks vs 15 for Predators.

2nd period


0:01 of 2nd period - Jason Spezza wins face-off versus Ryan Kesler in neutral zone.
0:34 of 2nd period - Icing by David Rundblad.
0:35 of 2nd period - Brandon Dubinsky wins face-off versus Ryan Kesler in Sharks zone.
0:35 of 2nd period - Brandon Dubinsky is hit by Nate Schmidt.
0:56 of 2nd period - Slapshot by Brandon Dubinsky.
0:56 of 2nd period - Stopped by Viktor Fasth without a rebound.
0:57 of 2nd period - Mikael Granlund wins face-off versus Jason Spezza in Predators zone.
1:10 of 2nd period - Slapshot by James Van Riemsdyk.
1:10 of 2nd period - Shot Misses the Net.
1:30 of 2nd period - Minor Penalty to Alexander Ovechkin for Holding.
1:31 of 2nd period - Andy Miele wins face-off versus Jason Spezza in Predators zone.
1:47 of 2nd period - Alexander Edler is hit by Stefan Ruzicka and loses puck.
2:20 of 2nd period - Wrist shot by Brandon Dubinsky.
2:20 of 2nd period - Goal by Brandon Dubinsky - Sharks : 1 - Predators : 2.
2:21 of 2nd period - Jason Spezza wins face-off versus Brendan Gallagher in neutral zone.
2:48 of 2nd period - Ryan Mcdonagh is hit by Ben Lovejoy and loses puck.
2:55 of 2nd period - Snap shot by Brandon Dubinsky.
2:55 of 2nd period - Stopped by Viktor Fasth with a rebound.
3:08 of 2nd period - Off-side.
3:09 of 2nd period - Ryan Kesler wins face-off versus Zach Boychuk in neutral zone.
3:40 of 2nd period - Snap shot by Drew Doughty.
3:40 of 2nd period - Stopped by Viktor Fasth with a rebound.
3:42 of 2nd period - Slapshot by Drew Doughty.
3:42 of 2nd period - Shot Misses the Net.
3:44 of 2nd period - Wrist shot by Ben Lovejoy.
3:44 of 2nd period - Stopped by Viktor Fasth without a rebound.
3:45 of 2nd period - Mikael Granlund wins face-off versus Brandon Dubinsky in Predators zone.
3:45 of 2nd period - Mikael Granlund is hit by Bobby Butler.
4:01 of 2nd period - Wrist shot by Mikael Granlund.
4:01 of 2nd period - Stopped by Ryan Miller with a rebound.
4:11 of 2nd period - Alexander Edler is hit by Ben Lovejoy and loses puck.
4:32 of 2nd period - Snap shot by Andy Miele.
4:32 of 2nd period - Deflect By Alexander Steen.
4:32 of 2nd period - Shot Misses the Net.
4:32 of 2nd period - Puck is out of play.
4:33 of 2nd period - T.J. Hensick wins face-off versus Andy Miele in Sharks zone.
4:33 of 2nd period - T.J. Hensick is hit by John Moore.
4:40 of 2nd period - Off-side.
4:41 of 2nd period - Ryan Kesler wins face-off versus Jason Spezza in neutral zone.
4:48 of 2nd period - Alexander Edler is hit by Stefan Ruzicka and loses puck.
5:15 of 2nd period - Snap shot by Brandon Dubinsky.
5:15 of 2nd period - Stopped by Viktor Fasth without a rebound.
5:16 of 2nd period - Oskar Osala wins face-off versus Niclas Bergfors in Predators zone.
5:27 of 2nd period - Drew Doughty is hit by Niclas Bergfors and loses puck.
6:03 of 2nd period - Adam Burish is hit by Mike Cammalleri and loses puck.
7:01 of 2nd period - Snap shot by Alexander Steen.
7:01 of 2nd period - Shot Misses the Net.
7:25 of 2nd period - Wrist shot by T.J. Hensick.
7:25 of 2nd period - Stopped by Viktor Fasth with a rebound.
7:31 of 2nd period - Slapshot by T.J. Hensick.
7:31 of 2nd period - Stopped by Viktor Fasth with a rebound.
7:33 of 2nd period - Snap shot by Martins Karsums.
7:33 of 2nd period - Shot Blocked by Byron Bitz.
7:35 of 2nd period - Snap shot by T.J. Hensick.
7:35 of 2nd period - Deflect By Ryan Murray.
7:35 of 2nd period - Shot Misses the Net.
7:35 of 2nd period - Puck is out of play.
7:36 of 2nd period - Jason Spezza wins face-off versus Ryan Kesler in Predators zone.
7:37 of 2nd period - Snap shot by Stefan Ruzicka.
7:37 of 2nd period - Stopped by Viktor Fasth with a rebound.
7:39 of 2nd period - Wrist shot by Jason Spezza.
7:39 of 2nd period - Shot Misses the Net.
7:41 of 2nd period - Snap shot by Adam Larsson.
7:41 of 2nd period - Stopped by Viktor Fasth without a rebound.
7:42 of 2nd period - Jason Spezza wins face-off versus Ryan Kesler in Predators zone.
7:47 of 2nd period - Wrist shot by Stefan Ruzicka.
7:47 of 2nd period - Shot Misses the Net.
8:11 of 2nd period - Wrist shot by Mikael Granlund.
8:11 of 2nd period - Stopped by Ryan Miller with a rebound.
8:13 of 2nd period - Snap shot by Niclas Bergfors.
8:13 of 2nd period - Shot Misses the Net.
8:25 of 2nd period - Minor Penalty to Adam Larsson for Tripping.
8:26 of 2nd period - Ryan Kesler wins face-off versus Jason Spezza in Sharks zone.
8:59 of 2nd period - Snap shot by Niclas Bergfors.
8:59 of 2nd period - Stopped by Ryan Miller without a rebound.
9:00 of 2nd period - Alexander Ovechkin wins face-off versus Jason Spezza in Sharks zone.
9:01 of 2nd period - Snap shot by Brendan Gallagher.
9:01 of 2nd period - Goal by Brendan Gallagher - Sharks : 1 - Predators : 3.
9:02 of 2nd period - Jason Spezza wins face-off versus Alexander Ovechkin in neutral zone.
9:13 of 2nd period - Jason Spezza is hit by Brendan Gallagher and loses puck.
10:22 of 2nd period - Off-side.
10:23 of 2nd period - Brandon Dubinsky wins face-off versus Mikael Granlund in neutral zone.
10:26 of 2nd period - Slapshot by Drew Doughty.
10:26 of 2nd period - Shot Misses the Net.
10:28 of 2nd period - Slapshot by Drew Doughty.
10:28 of 2nd period - Stopped by Viktor Fasth without a rebound.
10:29 of 2nd period - Brandon Dubinsky wins face-off versus Mikael Granlund in Predators zone.
10:30 of 2nd period - Snap shot by Bobby Butler.
10:30 of 2nd period - Shot Misses the Net.
10:38 of 2nd period - Snap shot by Niclas Bergfors.
10:38 of 2nd period - Shot Blocked by Ben Lovejoy.
11:00 of 2nd period - Slapshot by Jason Spezza.
11:00 of 2nd period - Deflect By Alexander Ovechkin.
11:00 of 2nd period - Stopped by Viktor Fasth without a rebound.
11:01 of 2nd period - Jason Spezza wins face-off versus Ryan Kesler in Predators zone.
11:24 of 2nd period - Wrist shot by Stefan Ruzicka.
11:24 of 2nd period - Goal by Stefan Ruzicka - Sharks : 2 - Predators : 3.
11:25 of 2nd period - Ryan Kesler wins face-off versus Jason Spezza in neutral zone.
11:32 of 2nd period - Backhand shot by Ryan Kesler.
11:32 of 2nd period - Shot Misses the Net.
11:40 of 2nd period - Snap shot by Brendan Gallagher.
11:40 of 2nd period - Shot Misses the Net.
11:55 of 2nd period - Brandon Dubinsky is hit by Niclas Bergfors.
13:23 of 2nd period - Bobby Butler is hit by Ryan Mcdonagh and loses puck.
13:44 of 2nd period - Minor Penalty to Mikael Granlund for Interference.
13:45 of 2nd period - Andy Miele wins face-off versus Jason Spezza in Predators zone.
13:57 of 2nd period - Byron Bitz is hit by Stefan Ruzicka and loses puck.
14:06 of 2nd period - Jason Spezza is hit by Alexander Edler.
15:09 of 2nd period - Nate Schmidt is hit by Brandon Dubinsky and loses puck.
15:44 of 2nd period - Penalty to Mikael Granlund is over, Mikael Granlund is back on ice.
15:54 of 2nd period - Off-side.
15:55 of 2nd period - Niclas Bergfors wins face-off versus Luke Adam in neutral zone.
16:48 of 2nd period - Snap shot by Niclas Bergfors.
16:48 of 2nd period - Goal by Niclas Bergfors - Sharks : 2 - Predators : 4.
16:49 of 2nd period - Jason Spezza wins face-off versus Ryan Kesler in neutral zone.
17:04 of 2nd period - Milan Michalek is hit by Brendan Gallagher and loses puck.
17:25 of 2nd period - Alexander Steen is hit by Brandon Dubinsky and loses puck.
18:04 of 2nd period - Slapshot by Andy Miele.
18:04 of 2nd period - Shot Misses the Net.
18:06 of 2nd period - Slapshot by John Moore.
18:06 of 2nd period - Shot Misses the Net.
18:08 of 2nd period - Slapshot by Byron Bitz.
18:08 of 2nd period - Shot Blocked by Adam Larsson.
18:22 of 2nd period - Snap shot by Alexander Steen.
18:22 of 2nd period - Stopped by Ryan Miller with a rebound.
18:24 of 2nd period - Snap shot by Andy Miele.
18:24 of 2nd period - Goal by Andy Miele - Sharks : 2 - Predators : 5.
18:24 of 2nd period - Anders Nilsson enters game.
18:25 of 2nd period - Jason Spezza wins face-off versus Ryan Kesler in neutral zone.
18:57 of 2nd period - Mike Cammalleri is hit by Mikael Granlund and loses puck.
Goals for this period are 2 for Sharks vs 3 for Predators.
Shots for this period are 13 for Sharks vs 7 for Predators.

3rd period


0:01 of 3rd period - Ryan Kesler wins face-off versus Jason Spezza in neutral zone.
0:30 of 3rd period - Ryan Mcdonagh is hit by David Rundblad.
1:25 of 3rd period - Wrist shot by Jason Spezza.
1:25 of 3rd period - Shot Blocked by Ryan Murray.
1:27 of 3rd period - Slapshot by Milan Michalek.
1:27 of 3rd period - Shot Misses the Net.
1:29 of 3rd period - Wrist shot by Andrej Sekera.
1:29 of 3rd period - Stopped by Viktor Fasth with a rebound.
1:53 of 3rd period - Slapshot by Drew Doughty.
1:53 of 3rd period - Stopped by Viktor Fasth without a rebound.
1:54 of 3rd period - Jason Spezza wins face-off versus Ryan Kesler in Predators zone.
2:10 of 3rd period - Minor Penalty to Stefan Ruzicka for Goalie Interference.
2:11 of 3rd period - Ryan Kesler wins face-off versus Jason Spezza in Sharks zone.
2:11 of 3rd period - Wrist shot by Alexander Ovechkin.
2:11 of 3rd period - Deflect By Brendan Gallagher.
2:11 of 3rd period - Deflect By Drew Doughty.
2:11 of 3rd period - Goal by Brendan Gallagher - Sharks : 2 - Predators : 6.
2:12 of 3rd period - Jason Spezza wins face-off versus Ryan Kesler in neutral zone.
2:21 of 3rd period - Snap shot by Stefan Ruzicka.
2:21 of 3rd period - Deflect By Jason Spezza.
2:21 of 3rd period - Stopped by Viktor Fasth with a rebound.
2:23 of 3rd period - Slapshot by Drew Doughty.
2:23 of 3rd period - Stopped by Viktor Fasth without a rebound.
2:24 of 3rd period - Ryan Kesler wins face-off versus Jason Spezza in Predators zone.
2:36 of 3rd period - Icing by Brendan Gallagher.
2:37 of 3rd period - Ryan Kesler wins face-off versus Jason Spezza in Predators zone.
2:48 of 3rd period - Wrist shot by Brendan Gallagher.
2:48 of 3rd period - Shot Misses the Net.
2:50 of 3rd period - Snap shot by Alexander Ovechkin.
2:50 of 3rd period - Shot Blocked by Milan Michalek.
2:52 of 3rd period - Snap shot by Brendan Gallagher.
2:52 of 3rd period - Stopped by Anders Nilsson with a rebound.
2:54 of 3rd period - Snap shot by Ryan Kesler.
2:54 of 3rd period - Deflect By Drew Doughty.
2:54 of 3rd period - Shot Blocked by Ben Lovejoy.
2:54 of 3rd period - Puck is out of play.
2:55 of 3rd period - James Van Riemsdyk wins face-off versus Brandon Dubinsky in Sharks zone.
3:08 of 3rd period - Slapshot by Drew Doughty.
3:08 of 3rd period - Stopped by Viktor Fasth with a rebound.
3:10 of 3rd period - Slapshot by Ben Lovejoy.
3:10 of 3rd period - Stopped by Viktor Fasth without a rebound.
3:11 of 3rd period - Ryan Kesler wins face-off versus Stefan Ruzicka in Predators zone.
3:21 of 3rd period - Off-side.
3:22 of 3rd period - Jason Spezza wins face-off versus Ryan Kesler in neutral zone.
3:25 of 3rd period - Alexander Ovechkin is hit by Milan Michalek and loses puck.
3:58 of 3rd period - Backhand shot by Drew Doughty.
3:58 of 3rd period - Stopped by Viktor Fasth with a rebound.
4:06 of 3rd period - Minor Penalty to Niclas Bergfors for Unsportsmanlike conduct.
4:07 of 3rd period - Jason Spezza wins face-off versus Andy Miele in Predators zone.
4:14 of 3rd period - Snap shot by Stefan Ruzicka.
4:14 of 3rd period - Shot Misses the Net.
4:32 of 3rd period - Nate Schmidt is hit by Adam Larsson and loses puck.
6:06 of 3rd period - Penalty to Niclas Bergfors is over, Niclas Bergfors is back on ice.
6:08 of 3rd period - Ryan Mcdonagh is hit by Adam Larsson and loses puck.
6:31 of 3rd period - Snap shot by Justin Abdelkader.
6:31 of 3rd period - Shot Blocked by David Rundblad.
6:33 of 3rd period - Slapshot by Alexander Edler.
6:33 of 3rd period - Shot Blocked by David Rundblad.
6:33 of 3rd period - David Rundblad from Sharks is injured at 6:33 of 3rd period (Sprained Left Knee).
6:34 of 3rd period - Jason Spezza wins face-off versus Ryan Kesler in Sharks zone.
6:34 of 3rd period - Jason Spezza is hit by Alexander Ovechkin.
6:48 of 3rd period - Slapshot by Alexander Edler.
6:48 of 3rd period - Deflect By Brendan Gallagher.
6:48 of 3rd period - Stopped by Anders Nilsson without a rebound.
6:49 of 3rd period - Mikael Granlund wins face-off versus Brandon Dubinsky in Sharks zone.
7:14 of 3rd period - Minor Penalty to Milan Michalek for Roughing.
7:15 of 3rd period - Ryan Kesler wins face-off versus Jason Spezza in Sharks zone.
7:16 of 3rd period - Snap shot by Alexander Ovechkin.
7:16 of 3rd period - Shot Misses the Net.
7:18 of 3rd period - Snap shot by Alexander Ovechkin.
7:18 of 3rd period - Stopped by Anders Nilsson with a rebound.
7:20 of 3rd period - Slapshot by Alexander Edler.
7:20 of 3rd period - Goal by Alexander Edler - Sharks : 2 - Predators : 7.
7:21 of 3rd period - Jason Spezza wins face-off versus Ryan Kesler in neutral zone.
7:52 of 3rd period - Off-side.
7:53 of 3rd period - Mikael Granlund wins face-off versus Mike Cammalleri in neutral zone.
7:58 of 3rd period - Slapshot by Mikael Granlund.
7:58 of 3rd period - Shot Blocked by Mike Cammalleri.
8:00 of 3rd period - Slapshot by Denis Grebeshkov.
8:00 of 3rd period - Stopped by Anders Nilsson with a rebound.
8:08 of 3rd period - Snap shot by James Van Riemsdyk.
8:08 of 3rd period - Stopped by Anders Nilsson without a rebound.
8:09 of 3rd period - Ryan Kesler wins face-off versus Jason Spezza in Sharks zone.
8:30 of 3rd period - Minor Penalty to Milan Michalek for Hooking.
8:31 of 3rd period - Ryan Kesler wins face-off versus Jason Spezza in Sharks zone.
8:34 of 3rd period - Snap shot by Ryan Kesler.
8:34 of 3rd period - Goal by Ryan Kesler - Sharks : 2 - Predators : 8.
8:35 of 3rd period - Jason Spezza wins face-off versus Ryan Kesler in neutral zone.
8:40 of 3rd period - Slapshot by Stefan Ruzicka.
8:40 of 3rd period - Stopped by Viktor Fasth without a rebound.
8:41 of 3rd period - Jason Spezza wins face-off versus Ryan Kesler in Predators zone.
8:44 of 3rd period - Slapshot by Jason Spezza.
8:44 of 3rd period - Shot Misses the Net.
8:46 of 3rd period - Wrist shot by Stefan Ruzicka.
8:46 of 3rd period - Stopped by Viktor Fasth without a rebound.
8:47 of 3rd period - Ryan Kesler wins face-off versus Jason Spezza in Predators zone.
8:47 of 3rd period - Ryan Kesler is hit by Jason Spezza.
9:03 of 3rd period - Slapshot by Ryan Mcdonagh.
9:03 of 3rd period - Stopped by Anders Nilsson with a rebound.
11:13 of 3rd period - Snap shot by Martins Karsums.
11:13 of 3rd period - Shot Misses the Net.
11:33 of 3rd period - Snap shot by Stefan Ruzicka.
11:33 of 3rd period - Stopped by Viktor Fasth with a rebound.
11:37 of 3rd period - Snap shot by Drew Doughty.
11:37 of 3rd period - Shot Blocked by Nate Schmidt.
12:49 of 3rd period - T.J. Hensick is hit by Brendan Gallagher and loses puck.
13:10 of 3rd period - Ben Lovejoy is hit by Adam Burish and loses puck.
13:37 of 3rd period - Wrist shot by Milan Michalek.
13:37 of 3rd period - Stopped by Viktor Fasth without a rebound.
13:38 of 3rd period - Brandon Dubinsky wins face-off versus Ryan Kesler in Predators zone.
13:39 of 3rd period - Wrist shot by Mike Cammalleri.
13:39 of 3rd period - Stopped by Viktor Fasth without a rebound.
13:40 of 3rd period - Ryan Kesler wins face-off versus Brandon Dubinsky in Predators zone.
14:30 of 3rd period - Slapshot by Zach Boychuk.
14:30 of 3rd period - Stopped by Viktor Fasth with a rebound.
14:37 of 3rd period - Wrist shot by Brandon Dubinsky.
14:37 of 3rd period - Stopped by Viktor Fasth without a rebound.
14:38 of 3rd period - Ryan Kesler wins face-off versus Jason Spezza in Predators zone.
14:47 of 3rd period - Slapshot by Alexander Ovechkin.
14:47 of 3rd period - Shot Blocked by Matt Carle.
14:49 of 3rd period - Wrist shot by Brendan Gallagher.
14:49 of 3rd period - Shot Blocked by Jason Spezza.
14:51 of 3rd period - Slapshot by Ryan Kesler.
14:51 of 3rd period - Shot Misses the Net.
14:53 of 3rd period - Snap shot by Ryan Kesler.
14:53 of 3rd period - Stopped by Anders Nilsson with a rebound.
15:03 of 3rd period - Ryan Mcdonagh is hit by Matt Carle.
15:29 of 3rd period - Snap shot by Alexander Steen.
15:29 of 3rd period - Stopped by Anders Nilsson with a rebound.
15:46 of 3rd period - Byron Bitz is hit by Ben Lovejoy.
15:54 of 3rd period - Snap shot by Alexander Steen.
15:54 of 3rd period - Stopped by Anders Nilsson without a rebound.
15:55 of 3rd period - Brandon Dubinsky wins face-off versus Ryan Kesler in Sharks zone.
16:52 of 3rd period - Alexander Edler is hit by Martins Karsums and loses puck.
18:00 of 3rd period - Slapshot by Ryan Kesler.
18:00 of 3rd period - Shot Misses the Net.
18:02 of 3rd period - Minor Penalty to Matt Carle for Hooking.
18:03 of 3rd period - Jason Spezza wins face-off versus Niclas Bergfors in Sharks zone.
18:48 of 3rd period - Alexander Edler is hit by Oskar Osala and loses puck.
Goals for this period are 0 for Sharks vs 3 for Predators.
Shots for this period are 14 for Sharks vs 12 for Predators.